 Dungeon Crawl Stone Soup version 0.27.0-1-g7a089689b8 (webtiles) character file.

Game seed: 6559331676618397872

3378 tygod the Slicer (level 9, -1/117 HPs)
             Began as a Red Draconian Chaos Knight on Aug 2, 2021.
             Was an Initiate of Gozag.
             Slain by a gnoll (7 damage)
             ... summoned by Xom
             ... on level 5 of the Dungeon.
             The game lasted 00:20:47 (7037 turns).

tygod the Slicer (Red Draconian Chaos Knight)       Turns: 7037, Time: 00:20:47

Health: -1/117     AC: 12    Str: 15      XL:     9   Next: 74%
Magic:  9/9        EV: 14    Int: 13      God:    Gozag
Gold:   484        SH:  4    Dex: 11 (13) Spells: 8/8 levels left

rFire    + . .     SeeInvis .   o - +2 short sword (elec)
rCold    . . .     Faith    .   c - +0 buckler
rNeg     . . .     Spirit   .   (armour unavailable)
rPois    +         Reflect  .   (helmet restricted)
rElec    +         Harm     .   (no cloak)
rCorr    .         Rampage  .   (no gloves)
Will     .....                  q - +0 pair of boots
Stlth    ..........             (no amulet)
HPRegen  0.29/turn              f - +4 ring of protection
MPRegen  0.11/turn              (no ring)

@: berserking (expiring), weak-willed, very quick
A: breathe fire, AC +7, unfitting armour, fire resistance 1, cold-blooded,
deterioration 2, sense surroundings 1, poison resistance, electricity resistance
a: Breathe Fire, Renounce Religion, Potion Petition, Call Merchant, Bribe Branch


You were on level 5 of the Dungeon.
You worshipped Gozag.
Gozag was aware of your devotion.
You visited 1 branch of the dungeon, and saw 8 of its levels.

You collected 1659 gold pieces.
You spent 137 gold pieces at shops.
You paid 1038 gold pieces to Gozag.

Inventory:

Hand Weapons
 a - a +0 hand axe of chaos
 j - a +1 whip of distortion
 m - a +0 war axe
 o - a +2 short sword of electrocution (weapon)
 s - a +3 great sword
 t - a +4 mace of freezing
 y - a +0 demon trident
Missiles
 i - 27 bolts
 u - 20 poisoned darts (quivered)
 v - a throwing net
Armour
 c - a +0 buckler (worn)
 q - a +0 pair of boots (worn)
Magical Staves
 d - a staff of air
Jewellery
 f - a +4 ring of protection (left hand)
 l - a ring of ice
Wands
 h - a wand of polymorph (25)
 k - a wand of digging (3)
 r - a wand of flame (22)
Scrolls
 e - a scroll of enchant weapon
 w - a scroll of torment {unknown}
Potions
 b - 2 potions of attraction
 g - a potion of haste
 n - a potion of flight
 x - 2 potions of curing
 z - a potion of cancellation {unknown}


   Skills:
 + Level 6.8 Fighting
 + Level 8.2 Short Blades
 + Level 5.1 Axes
 + Level 2.0 Throwing
 + Level 6.4 Dodging
 + Level 3.4 Stealth
 + Level 3.1 Shields


You had 8 spell levels left.
You didn't know any spells.
Your spell library contained the following spells:

 Spells                   Type           Power      Damage    Failure   Level
 Gell's Gravitas          Tloc           0%         N/A       71%         3
 Lesser Beckoning         Tloc           0%         N/A       71%         3
 Teleport Other           Tloc           0%         N/A       71%         3
 Summon Forest            Summ/Tloc      0%         N/A       100%        5
 Eringya's Noxious Bog    Tmut/Pois      0%         N/A       100%        6
 Summon Hydra             Summ           0%         N/A       100%        7


Dungeon Overview and Level Annotations

Branches:
Dungeon (8/15)             Temple (0/1) D:5            Lair (0/6) D:8

Altars:
Dithmenos
Gozag
Okawaru
Wu Jian
The Shining One

Shops:
D:6 *


Innate Abilities, Weirdness & Mutations

You can breathe blasts of fire.
Your fiery red scales are hard. (AC +7)
You cannot fit into any form of body armour.
Your flesh is heat resistant. (rF+)
You are cold-blooded and may be slowed by cold attacks.
Your body often deteriorates upon taking damage.
You passively map a small area around you.
Your system is resistant to poisons. (rPois)
You are resistant to electric shocks. (rElec)


Message History

You block the gnoll's attack.
As you read the scroll labelled FASTIW XYOMN, it crumbles to dust.
Magic quickly surges around you.
It was a scroll of vulnerability.
The gnoll hits you with a +0 club.
* * * LOW HITPOINT WARNING * * *
The iguana barely misses you.
As you read the scroll labelled HEEBUI ENWIRAAG, it crumbles to dust.
You feel aware of your surroundings.
It was a scroll of magic mapping.
The iguana misses you. You block the gnoll's attack.
As you read the scroll labelled FOUSAGOUDUF, it crumbles to dust.
The creatures around you are filled with an inner flame!
It was a scroll of immolation.
The iguana barely misses you. The gnoll hits you but does no damage.
You feel better. The iguana misses you. The gnoll hits you but does no damage.
It was a potion of berserk rage.
A red film seems to cover your vision as you go berserk!
You feel yourself moving faster!
You feel mighty! The gnoll closely misses you. The iguana closely misses you.
You are too berserk!
You are too berserk!
You completely miss the gnoll. You impale the gnoll!!
The gnoll's corpse disappears in a puff of smoke!
The gnoll explodes!
The fiery explosion engulfs you! You resist.
* * * LOW HITPOINT WARNING * * *
The fiery explosion engulfs the gnoll!!!
The gnoll's corpse disappears in a puff of smoke!
The gnoll explodes!
You hear a shout!
The iguana bites you.
* * * LOW HITPOINT WARNING * * *
You see here a poisoned dart.
You feel a strong urge to attack something.
You see here a poisoned dart.
You have got your breath back.
The gnoll hits you with a +0 spear!
You die...
Xom yawns loudly!
Your body crumbles into a pile of gold.

#####..[.......................
#...................#.####.
#..#.#############.##.# #.
#..#..>...# #.##.# #.
#..######.# #.##.####.
#...,,,,,,* #.#.......
#.##******* #.#..####.
#.################.........
*,*#.§§§l§@g§)...........##
*,*#.##############........
*,**,*,,* #........# *,**,,,,*
#........# *,****,** #........#
***,****,****#######......<..
*,,,,,,,,,,,,..............##
*,,,,,,,,*****######.#+##.##
*,,,,,,,,* #...........#


You could see an iguana (summoned, inner flame, weak-willed) and a gnoll
(summoned).

Vanquished Creatures
  A manticore (D:7)
  A troll (D:5)
  Grinder (D:3)
  Sigmund (D:4)
  Eustachio (D:4)
  A water moccasin (D:5)
  An orc warrior (D:6)
  3 ice beasts
  A sky beast (D:5)
  A necrophage (D:5)
  A black bear (D:4)
  3 ogres
  A phantom (D:6)
  A bullfrog (D:6)
  2 scorpions (D:6)
  A water moccasin zombie (D:6)
  5 wights
  A howler monkey (D:6)
  A bullfrog zombie (D:6)
  Crazy Yiuf (D:4)
  4 jellies
  An orc priest (D:3)
  A gnoll shaman (D:6)
  2 hounds (D:5)
  An iguana (D:6)
  Natasha (thrice) (D:4)
  4 orc wizards
  A killer bee zombie (D:8)
  A hound zombie (D:5)
  5 adders
  5 gnolls
  An ufetubus (D:5)
  3 dart slugs
  15 orcs
  4 endoplasms
  3 giant cockroaches
  5 goblins
  6 hobgoblins
  4 jackals (D:5)
  8 ball pythons
  4 bats
  3 frilled lizards
  5 kobolds
  6 rats
124 creatures vanquished.

Notes
Turn   | Place    | Note
-------+----------+-------------------------------------------
     0 | D:1      | tygod the Draconian Chaos Knight began the quest for the
                  | Orb.
     0 | D:1      | Reached XP level 1. HP: 19/19 MP: 1/1
   105 | D:1      | XOM: divination: detect items
   199 | D:1      | Reached XP level 2. HP: 26/26 MP: 2/2
   329 | D:1      | XOM: divination: magic mapping
   371 | D:1      | XOM: divination: detect creatures
   635 | D:1      | XOM: silly message
   807 | D:2      | XOM: stealth player
   817 | D:2      | Reached XP level 3. HP: 28/33 MP: 3/3
   852 | D:2      | XOM: 4-stop teleportation journey
   932 | D:2      | XOM: divination: detect creatures
   987 | D:2      | XOM: scenery: 1 doors open
  1136 | D:2      | XOM: give mutations
  1136 | D:2      | Gained mutation: You are resistant to electric shocks.
                  | (rElec) [Xom's grace]
  1136 | D:2      | Gained mutation: Your spells are a little harder to cast,
                  | but a little more powerful. [Xom's grace]
  1136 | D:2      | Gained mutation: Your system is resistant to poisons.
                  | (rPois) [Xom's grace]
  1294 | D:2      | XOM: give mutation
  1294 | D:2      | Gained mutation: You passively map a small area around you.
                  | [Xom's grace]
  1338 | D:2      | Found a faded altar of an unknown god.
  1341 | D:2      | Fell from the grace of Xom
  1341 | D:2      | Became a worshipper of Gozag Ym Sagoz the Greedy
  1586 | D:2      | XOM: 2-stop teleportation journey
  1773 | D:3      | Reached XP level 4. HP: 40/40 MP: 4/4
  2110 | D:3      | Reached XP level 5. HP: 39/46 MP: 5/5
  2252 | D:3      | Reached skill level 1 in Stealth
  2377 | D:3      | Noticed an ogre
  2387 | D:3      | Killed an ogre
  2388 | D:3      | Reached skill level 1 in Short Blades
  2388 | D:3      | Reached skill level 5 in Axes
  2388 | D:3      | Reached XP level 6. HP: 53/53 MP: 6/6
  2937 | D:3      | Noticed Grinder
  2946 | D:3      | Paralysed by Grinder for 3 turns
  2950 | D:3      | Paralysed by Grinder for 7 turns
  2957 | D:3      | Identified a scroll of acquirement
  2957 | D:3      | Acquired 714 gold pieces
  2961 | D:3      | Paralysed by Grinder for 6 turns
  2969 | D:3      | Killed Grinder
  2970 | D:3      | Reached skill level 3 in Short Blades
  3113 | D:3      | XOM: draining
  3338 | D:4      | Noticed Eustachio
  3375 | D:4      | Found an ornate altar of the Wu Jian Council.
  3396 | D:4      | XOM: swap monsters
  3413 | D:4      | Your scales start taking on a fiery red colour.
  3413 | D:4      | Reached XP level 7. HP: 4/55 MP: 7/7
  3413 | D:4      | Gained mutation: Your flesh is heat resistant. (rF+) [Red
                  | Draconian growth]
  3435 | D:4      | Found a runed translucent door.
  3459 | D:4      | Killed Eustachio
  3460 | D:4      | Reached skill level 5 in Fighting
  3549 | D:4      | XOM: draining
  3614 | D:4      | Noticed Sigmund
  3638 | D:4      | Killed Sigmund
  3639 | D:4      | Reached skill level 4 in Short Blades
  3830 | D:4      | Noticed Natasha
  3834 | D:4      | Killed Natasha
  3950 | D:4      | Noticed Natasha
  3964 | D:4      | Killed Natasha
  3990 | D:4      | Noticed Natasha
  4002 | D:4      | Killed Natasha
  4200 | D:4      | Noticed Crazy Yiuf
  4300 | D:4      | Killed Crazy Yiuf
  4301 | D:4      | Reached XP level 8. HP: 45/68 MP: 8/8
  4419 | D:5      | Entered Level 5 of the Dungeon
  4575 | D:5      | Reached skill level 5 in Short Blades
  4575 | D:5      | Reached skill level 1 in Shields
  4695 | D:4      | XOM: give mutations
  4695 | D:4      | Gained mutation: Your body sometimes deteriorates upon
                  | taking damage. [Xom's mischief]
  4695 | D:4      | Lost mutation: Your spells are a little harder to cast, but
                  | a little more powerful. [Xom's mischief]
  4695 | D:4      | Gained mutation: Your body often deteriorates upon taking
                  | damage. [Xom's mischief]
  4700 | D:5      | Reached skill level 5 in Dodging
  5147 | D:5      | Reached skill level 6 in Short Blades
  5231 | D:5      | Found a staircase to the Ecumenical Temple.
  5481 | D:5      | You fall into a shaft and drop 3 floors!
  5535 | D:8      | Found a staircase to the Lair.
  5586 | D:7      | Found a shadowy altar of Dithmenos.
  5588 | D:7      | Noticed a manticore
  5605 | D:7      | Killed a manticore
  5606 | D:7      | Reached skill level 7 in Short Blades
  5606 | D:7      | Reached XP level 9. HP: 21/77 MP: 9/9
  5872 | D:7      | Found an iron altar of Okawaru.
  6104 | D:6      | Found Ynutarixi's General Store.
  6107 | D:6      | Bought a scroll of identify for 22 gold pieces
  6107 | D:6      | Bought a potion of curing for 33 gold pieces
  6107 | D:6      | Bought a scroll of holy word for 82 gold pieces
  6184 | D:6      | Found a glowing golden altar of the Shining One.
  6750 | D:5      | Reached skill level 8 in Short Blades
  6750 | D:5      | Reached skill level 1 in Throwing
  6996 | D:5      | Noticed a troll
  7016 | D:5      | Killed a troll
  7024 | D:5      | XOM: summons 3 hostile shadow creatures
  7037 | D:5      | Slain by a gnoll

Illustrated notes

Levels and vault maps discovered:
D:1:      nzn_arrival_water_spiral, layout_basic
D:2:      layout_basic, chequers_ecumenical_altar_twisty
D:3:      layout_loops_cross, minmay_diced_spiral, uniq_grinder
D:4:      layout_loops_cross, overflow_temple_1_default,
          chequers_serial_rivers_micro_e, uniq_sigmund, uniq_eustachio,
          uniq_crazy_yiuf_cottage, uniq_natasha
D:5:      layout_basic, temple_doors_e, lightli_sewer_entry_pipes
D:6:      layout_basic, tso_altar, serial_shops, kennysheep_mini_moat,
          minivault_19, uniq_menkaure
D:7:      layout_basic, grunt_dithmenos_smoke_and_mirrors,
          general_overflow_altar, grunt_ministairs_11, minmay_manual_monstrance
D:8:      layout_layer_cave, nicolae_qazlal_eye_of_the_storm, lair_entry_dummy,
          gammafunk_ghost_necromancy, minivault_27, uniq_psyche, uniq_maurice

Skill      XL: |  1  2  3  4  5  6  7  8  9 |
---------------+----------------------------+-----
Axes           | 4 5 |  5.1
Fighting       | 4 5 6 |  6.8
Dodging        | 3 4 5 6 |  6.4
Stealth        | 1 2 3 |  3.4
Short Blades   | 1 3 4 7 8 |  8.2
Shields        | 2 3 |  3.1
Throwing       | 2 |  2.0

Action                   |  1- 3 |  4- 6 |  7- 9 || total
-------------------------+-------+-------+-------++-------
Melee: Hand axe          |    78 |       |       ||    78
       Tailslap          |     3 |    15 |    33 ||    51
       War axe           |     7 |    24 |       ||    31
       Short sword       |       |   119 |   282 ||   401
Throw: Dart              |       |       |    31 ||    31
Invok: Potion Petition   |       |       |     3 ||     3
 Abil: Breathe Fire      |       |       |    12 ||    12
  Use: Scroll            |       |     5 |     9 ||    14
       Potion            |       |     4 |     2 ||     6
 Stab: Sleeping          |       |     2 |     3 ||     5
       Invisible         |       |       |     1 ||     1
       Distracted        |       |       |     1 ||     1
Armor: Skin              |    24 |    91 |    99 ||   214
Dodge: Dodged            |    65 |    89 |   159 ||   313
Block: Buckler           |       |     9 |    41 ||    50
